 Dungeon Crawl Stone Soup version 0.27.1-1-g398f81649c (webtiles) character file.

Game seed: 17592854577565664010

529 NiggaKiller the Chopper (level 7, -6/58 HPs)
             Began as a Minotaur Gladiator on Sept 13, 2021.
             Mangled by Dowan (9 damage)
             ... on level 4 of the Dungeon.
             The game lasted 00:16:35 (3243 turns).

NiggaKiller the Chopper (Minotaur Gladiator)        Turns: 3243, Time: 00:16:35

Health: -6/58      AC:  9    Str: 20    XL:     7   Next: 3%
Magic:  8/8        EV: 12    Int:  5    God:
Gold:   230        SH:  4    Dex: 18    Spells: 9/9 levels left

rFire    . . .     SeeInvis .   a - +1 war axe (vorpal)
rCold    . . .     Faith    .   m - +0 buckler
rNeg     . . .     Spirit   .   h - +0 ring mail
rPois    .         Reflect  .   c - +0 hat
rElec    .         Harm     .   r - +2 cloak
rCorr    .         Rampage  .   (no gloves)
Will     .....                  (no boots)
Stlth    +.........             (no amulet)
HPRegen  0.19/turn              e - +6 ring of dexterity
MPRegen  0.11/turn              (no ring)

@: lethally poisoned (-6 -> -10)
A: horns 2, retaliatory headbutt
a: no special abilities


You were on level 4 of the Dungeon.
You visited 1 branch of the dungeon, and saw 4 of its levels.

You collected 230 gold pieces.

Inventory:

Hand Weapons
 a - a +1 vorpal war axe (weapon)
 q - a +0 hunting sling of flaming
Missiles
 d - a throwing net
 f - 53 stones
 k - 7 atropa-tipped darts (quivered)
Armour
 c - a +0 hat (worn)
 h - a +0 ring mail (worn)
 m - a +0 buckler (worn)
 r - a +2 cloak (worn)
Jewellery
 e - a +6 ring of dexterity (left hand)
Wands
 n - a wand of polymorph (9)
Scrolls
 p - a scroll of silence {unknown}
 s - a scroll of torment {unknown}
 t - a scroll of amnesia
 u - a scroll of enchant armour
Potions
 b - a potion of berserk rage {unknown}
 g - a potion of curing {unknown}
 i - a potion of cancellation {unknown}
 j - 3 potions of heal wounds {unknown}
 l - 2 potions of might {unknown}
 o - 2 potions of lignification {unknown}


   Skills:
 * Level 3.8 Fighting
 + Level 6.1 Axes
 + Level 2.1 Throwing
 * Level 3.9 Armour
 + Level 4.4 Dodging
 + Level 0.8 Stealth
 + Level 0.2 Shields
 * Level 1.7 Spellcasting


You had 9 spell levels left.
You didn't know any spells.
Your spell library contained the following spells:

 Spells                   Type           Power      Damage    Failure   Level
 Conjure Flame            Conj/Fire      0%         6-21      98%         3
 Ignite Poison            Fire/Tmut/Pois 0%         N/A       98%         3
 Mephitic Cloud           Conj/Pois/Air  0%         N/A       98%         3
 Sticky Flame             Conj/Fire      0%         2d3       100%        4
 Bolt of Magma            Conj/Fire/Erth 0%         4d4       100%        5


Dungeon Overview and Level Annotations

Branches:
Dungeon (4/15)             Temple (0/1) D:4

Altars:

Annotations:
D:4 Dowan


Innate Abilities, Weirdness & Mutations

You have a pair of horns on your head.
You reflexively headbutt those who attack you in melee.


Message History

No target in view!
You see here a ball python corpse.
You slash Duvessa! Your headbutt misses Duvessa.
Duvessa is moderately wounded.
Duvessa hits you with a +6 short sword of venom!
You hit Duvessa but do no damage. You headbutt Duvessa.
Duvessa is heavily wounded.
Duvessa closely misses you. You furiously retaliate!
You headbutt Duvessa! You hit Duvessa but do no damage.
Your headbutt misses Duvessa.
Duvessa is severely wounded.
Duvessa hits you with a +6 short sword of venom.
You are poisoned.
You slash Duvessa!
You kill Duvessa!
Dowan seems overcome with grief, but rights himself reflexively soon after.
Dowan seems to find hidden reserves of power!
You feel very sick.
Dowan casts a spell.
Dowan blinks!
Your Axes skill increases to level 6!
You have reached level 7!
You feel sick.
You closely miss Dowan.
You feel sick. Dowan hits you but does no damage.
You are electrocuted!
You are too injured to fight recklessly!
You are too injured to fight recklessly!
You are too injured to fight recklessly!
Throw: 8 darts (atropa)
Press: ? - help, Q - select action, (/) - cycle Shift-Dir - straight line, f - Dowan
Aim: Dowan, wielding a +0 dagger of electrocution and wearing a +0 robe (fast, 53% to hit, chance to blind on hit: 83%)
You throw an atropa-tipped dart.
The atropa-tipped dart barely misses Dowan.
You feel sick. Dowan gestures at you while chanting. The stone arrow hits you!
* * * LOW HITPOINT WARNING * * *
Dowan hits you with a +0 dagger of electrocution.
* * * LOW HITPOINT WARNING * * *
You are electrocuted!
You die...

.# #### #. # ##.
.. .. ###
...######.#.. ##
...§≈§..#... .#
..≈≈§§≈.#..###(#
#≈≈≈≈§§≈##..#e.#
#####
#≈§§>§§§...)@.#
#...#
#≈§§§≈≈≈.###†##
#.#.# #.≈≈§§≈..#
#.# #.#.#
#..≈≈≈...# #.#
#.#)# #####....#
#.###### #.#.#
######
#......#######.#..
######.........###
###########


You could see Dowan (fast).

Vanquished Creatures
  Menkaure (D:4)
  Duvessa (D:4)
  A hound (D:4)
  A gnoll shaman (D:4)
  An iguana (D:4)
  2 orc wizards
  Terence (D:2)
  4 gnolls (D:4)
  2 adders (D:2)
  2 dart slugs
  A worm (D:2)
  5 orcs
  5 ball pythons
  7 endoplasms
  4 giant cockroaches
  10 goblins
  9 hobgoblins
  4 jackals (D:2)
  2 quokkas
  3 bats
  5 frilled lizards
  4 kobolds
  3 rats
78 creatures vanquished.

Vanquished Creatures (others)
  3 plants (D:1)
  3 withered plants (D:1)
6 creatures vanquished.

Grand Total: 84 creatures vanquished

Notes
Turn   | Place    | Note
-------+----------+-------------------------------------------
     0 | D:1      | NiggaKiller the Minotaur Gladiator began the quest for the
                  | Orb.
     0 | D:1      | Reached XP level 1. HP: 18/18 MP: 0/0
   244 | D:1      | Reached XP level 2. HP: 16/25 MP: 1/1
   249 | D:1      | Reached skill level 4 in Axes
   562 | D:1      | Reached XP level 3. HP: 29/30 MP: 2/2
   575 | D:1      | Found a faded altar of an unknown god.
   969 | D:2      | Noticed Terence
   976 | D:2      | Killed Terence
  1077 | D:2      | Reached skill level 1 in Armour
  1077 | D:2      | Reached XP level 4. HP: 36/37 MP: 3/3
  2426 | D:3      | Reached skill level 5 in Axes
  2426 | D:3      | Reached XP level 5. HP: 45/45 MP: 4/4
  2605 | D:4      | Reached skill level 1 in Spellcasting
  2783 | D:4      | Noticed Menkaure
  2791 | D:4      | Killed Menkaure
  2792 | D:4      | Reached XP level 6. HP: 51/51 MP: 7/7
  3218 | D:4      | Found a staircase to the Ecumenical Temple.
  3224 | D:4      | Noticed Dowan
  3224 | D:4      | Noticed Duvessa
  3240 | D:4      | Killed Duvessa
  3241 | D:4      | Reached skill level 6 in Axes
  3241 | D:4      | Reached XP level 7. HP: 42/58 MP: 8/8
  3243 | D:4      | Mangled by Dowan

Illustrated notes

Levels and vault maps discovered:
D:1:      dpeg_arrival_arbitrary_a, layout_basic,
          shapermc_ecumenical_altar_flowoftime
D:2:      layout_loops_ring, uniq_terence
D:3:      layout_loops_corners, mrwooster_statue_mirror
D:4:      layout_loops_ring, minmay_temple_entry_mist, uniq_menkaure,
          uniq_duvessa

Skill      XL: |  1  2  3  4  5  6 |
---------------+-------------------+-----
Axes           | 4 5 6 |  6.1
Dodging        | 4 |  4.4
Armour         | 1 2 3 |  3.9
Fighting       | 3 |  3.8
Spellcasting   | 1 |  1.7
Throwing       | |  2.1
Stealth        | |  0.8
Shields        | |  0.2

Action                   |  1- 3 |  4- 6 |  7- 9 || total
-------------------------+-------+-------+-------++-------
Melee: War axe           |    51 |    88 |     1 ||   140
       Headbutt          |     7 |    17 |       ||    24
Throw: Throwing net      |     1 |     1 |       ||     2
       Dart              |       |       |     1 ||     1
  Use: Scroll            |     2 |     4 |       ||     6
 Stab: Held in net/web   |     1 |     1 |       ||     2
Armor: Leather armour    |     9 |       |       ||     9
       Ring mail         |       |    34 |     1 ||    35
Dodge: Dodged            |    40 |    61 |       ||   101
Block: Buckler           |       |     6 |       ||     6
